 Dungeon Crawl Stone Soup version 0.21.1-1-g345015f (webtiles) character file.

10627 troglodite the Carver (level 11, -3/85 HPs)
             Began as a Demonspawn Berserker on Feb 15, 2018.
             Was a High Priest of Trog.
             Slain by a manticore (7 damage)
             ... on level 11 of the Dungeon.
             The game lasted 00:40:55 (9080 turns).

troglodite the Carver (Demonspawn Berserker)        Turns: 9080, Time: 00:40:56

Health: -3/85      AC: 16    Str: 18    XL:     11   Next: 38%
Magic:  11/11      EV: 10    Int: 12    God:    Trog [*****.]
Gold:   628        SH:  6    Dex: 14    Spells: 10/10 levels left

rFire    . . .     SeeInvis .   m - +1 falchion (slice)
rCold    . . .     Gourm    .   (no shield)
rNeg     . . .     Faith    .   y - +0 chain mail
rPois    .         Spirit   .   C - +0 helmet
rElec    .         Reflect  .   q - +2 cloak
rCorr    +         Harm     .   (no gloves)
MR       .....                  u - +0 pair of boots
Stlth    ..........             k - amulet of regeneration
HPRegen  0.64/turn              f - ring of Grace {rCorr Int+2}
MPRegen  0.12/turn              B - ring of flight

@: about to teleport, barbed spikes, berserk cooldown, slowed, very slow
A: claws 1, large bone plates 2, spiny 3
a: Berserk, Trog's Hand, Brothers in Arms, Burn Spellbooks, Renounce Religion,
Evoke Flight


You were on level 11 of the Dungeon.
You worshipped Trog.
Trog was extremely pleased with you.
You were very hungry.

You visited 1 branch of the dungeon, and saw 11 of its levels.

You collected 628 gold pieces.

Inventory:

Hand Weapons
 m - a +1 falchion of slicing (weapon)
 z - a +2 hand axe of venom
 J - a +6 hunting sling
Missiles
 e - 190 stones (quivered)
 l - 73 sling bullets
Armour
 q - a +2 cloak (worn)
 u - a +0 pair of boots (worn)
 y - a +0 chain mail (worn)
 C - a +0 helmet (worn)
Jewellery
 f - the ring of Grace (left claw) {rCorr Int+2}
   (You took it off an orc on level 4 of the Dungeon)

   [ring of resist corrosion]

   It affects your intelligence (+2).
 k - an amulet of regeneration (around neck)
 B - a ring of flight (right claw)
Wands
 h - a wand of enslavement (19)
 n - a wand of paralysis (15)
 p - a wand of iceblast (19)
 w - a wand of flame (29)
Scrolls
 a - a scroll of noise {unknown}
 d - a scroll of identify
 j - 3 scrolls of enchant weapon
 s - a scroll of random uselessness {unknown}
 x - a scroll of amnesia
 A - a scroll of magic mapping
 D - a scroll of teleportation
 E - a scroll of blinking {unknown}
Potions
 b - a potion of flight
 g - 3 potions of agility
 i - a potion of lignification
 o - 5 potions of curing
 r - a potion of haste
 t - 2 potions of berserk rage
 v - 4 potions of heal wounds
 F - 2 potions of brilliance
 G - a potion of resistance
 H - a potion of cancellation
 K - a potion of mutation
 L - 2 potions of experience {unknown}
Comestibles
 c - 16 rations


   Skills:
 * Level 7.7 Fighting
   Level 4.0(6.5) Short Blades
 * Level 8.1(8.5) Long Blades
 * Level 4.8 Axes
 * Level 7.9 Slings
 * Level 6.9 Armour
 * Level 5.3 Dodging
 + Level 0.5 Stealth


You had 10 spell levels left.
You didn't know any spells.

Dungeon Overview and Level Annotations

Branches:
Dungeon (11/15)            Temple (0/1) D:7            Lair (0/6) D:8
    Orc (0/2) D:9

Altars:
Cheibriados
Dithmenos
Elyvilon
Fedhas
Gozag
Nemelex Xobeh
Qazlal
Sif Muna
Trog
Uskayaw
Xom
Yredelemnul
Zin
The Shining One

Shops:
D:6 :

Annotations:
D:11 baljet's ghost, journeyman HOFi


Innate Abilities, Weirdness & Mutations

You have sharp fingernails.
You are mostly covered in large bone plates. (SH +6)
You are completely covered in sharp spines.


Message History

The manticore is struck by your spines. The manticore bites you!
The manticore claws you.
The manticore claws you but does no damage.
You block the gnoll's attack.
The cyan ugly thing kicks you but does no damage.
The manticore closely misses you.
The manticore claws you but does no damage.
The manticore claws you.
* * * LOW HITPOINT WARNING * * *
The crimson imp hits you but does no damage.
You hit the manticore.
The manticore is heavily wounded.
You block the gnoll's attack. The cyan ugly thing kicks you.
* * * LOW HITPOINT WARNING * * *
The cyan ugly thing shocks you!
* * * LOW HITPOINT WARNING * * *
The crimson imp is struck by your spines.
The crimson imp misses you. You block the manticore's attack.
The manticore claws you!
You die...

###########
#....%....#
#..$...>..#
#.........#
#.<.......#
######u........#
..W..hH@5).....#
####..gY.(<...[#
#..#.).......#
.... #.........#
..# #.>.(.(>..#
. ###########


You could see a cyan ugly thing, a manticore, a sky beast, baljet's ghost, a
gnoll, a crimson imp and a jackal.

Vanquished Creatures
  3 two-headed ogres
  An unseen horror (D:10)
  Pikel (D:9)
  An ugly thing (D:7)
  Maurice (D:8)
  The ghost of troglodite the Skirmisher, a novice DsBe of Trog (D:4)
  A troll (D:9)
  A wraith (D:11)
  6 yaks (D:9)
  Grum (D:9)
  Menkaure (D:7)
  Edmund (D:5)
  A water moccasin (D:10)
  3 sky beasts
  An ice beast (D:5)
  A black bear (D:8)
  2 slaves (D:9)
  2 orc warriors
  A hornet zombie (D:7)
  9 ogres
  4 wolves (D:9)
  2 centaurs
  A crocodile (D:8)
  4 big kobolds
  5 bullfrogs
  2 wyvern zombies
  A gnoll sergeant (D:11)
  3 scorpions
  3 howler monkeys (D:7)
  2 electric eels (D:7)
  5 crimson imps
  A bullfrog zombie (D:8)
  8 hounds
  10 orc wizards
  5 jellies
  Crazy Yiuf (D:7)
  5 orc priests
  A bullfrog skeleton (D:11)
  4 centaur skeletons
  4 iguanas
  6 worker ants
  2 killer bee zombies
  A worker ant zombie (D:8)
  4 gnolls (D:11)
  16 adders
  3 shadow imps
  An ooze (D:4)
  An adder zombie (D:5)
  3 adder skeletons
  2 worms
  A dart slug (D:1)
  8 leopard geckos
  47 orcs
  5 giant cockroaches
  10 goblins
  8 hobgoblins
  8 jackals
  15 kobolds
  3 quokkas
  2 ball pythons
  7 bats
  2 frilled lizards
  2 leopard gecko skeletons
  A leopard gecko zombie (D:9)
  3 quokka skeletons
  9 rats
  2 fungi
282 creatures vanquished.

Vanquished Creatures (others)
  A shadow imp (D:9)
  A fungus (D:8)
2 creatures vanquished.

Grand Total: 284 creatures vanquished

Notes
Turn   | Place    | Note
-------+----------+-------------------------------------------
     0 | D:1      | troglodite the Demonspawn Berserker began the quest for the Orb.
     0 | D:1      | Reached XP level 1. HP: 18/18 MP: 1/1
   384 | D:1      | Gained mutation: You are partially covered in large bone plates. (SH +4) [demonic ancestry]
   384 | D:1      | Reached XP level 2. HP: 13/24 MP: 2/2
  1259 | D:2      | Gained mutation: You have sharp fingernails. [demonic ancestry]
  1259 | D:2      | Reached XP level 3. HP: 21/30 MP: 3/3
  1280 | D:2      | Reached ** piety under Trog
  1348 | D:2      | Reached skill level 3 in Long Blades
  1392 | D:2      | Found a basalt altar of Yredelemnul.
  1531 | D:2      | Reached skill level 1 in Slings
  1731 | D:2      | Found a white marble altar of Elyvilon.
  1766 | D:2      | Found a shadowy altar of Dithmenos.
  2391 | D:3      | Gained mutation: You are partially covered in sharp spines. [demonic ancestry]
  2391 | D:3      | Reached XP level 4. HP: 32/37 MP: 4/4
  2592 | D:3      | Found a sparkling altar of Nemelex Xobeh.
  2742 | D:3      | Found a blossoming altar of Fedhas.
  3154 | D:4      | Noticed troglodite's ghost (novice DsBe)
  3157 | D:4      | Found an opulent altar of Gozag.
  3178 | D:4      | Killed troglodite's ghost
  3178 | D:4      | Reached skill level 4 in Long Blades
  3178 | D:4      | Reached XP level 5. HP: 30/42 MP: 5/5
  3178 | D:4      | Gained mutation: You are mostly covered in large bone plates. (SH +6) [demonic ancestry]
  3178 | D:4      | Reached XP level 6. HP: 34/48 MP: 6/6
  3179 | D:4      | Reached skill level 5 in Long Blades
  3245 | D:4      | Reached XP level 7. HP: 49/55 MP: 7/7
  3382 | D:4      | Reached *** piety under Trog
  3516 | D:4      | Got a steaming copper ring
  3682 | D:5      | Entered Level 5 of the Dungeon
  3695 | D:5      | Reached skill level 6 in Long Blades
  3744 | D:5      | Identified the ring of Grace {rCorr Int+2} (You took it off an orc on level 4 of the Dungeon)
  3825 | D:5      | Found an opulent altar of Gozag.
  3851 | D:5      | Reached XP level 8. HP: 60/61 MP: 8/8
  3869 | D:5      | Reached skill level 5 in Fighting
  3869 | D:5      | Reached skill level 1 in Axes
  4072 | D:5      | Noticed Edmund
  4104 | D:5      | Reached **** piety under Trog
  4113 | D:5      | Killed Edmund
  4224 | D:5      | Found a bloodstained altar of Trog.
  4228 | D:5      | Found a shimmering altar of Xom.
  4230 | D:5      | Found a shimmering altar of Xom.
  4230 | D:5      | Found a glowing golden altar of the Shining One.
  4232 | D:5      | Found a stormy altar of Qazlal.
  4232 | D:5      | Found a hide-covered altar of Uskayaw.
  4232 | D:5      | Found a glowing silver altar of Zin.
  5354 | D:6      | Found Goynam's Book Boutique.
  5372 | D:6      | Reached skill level 1 in Short Blades
  5628 | D:7      | Found a runed door.
  5632 | D:7      | Noticed Crazy Yiuf
  5642 | D:7      | Killed Crazy Yiuf
  5696 | D:7      | Noticed Menkaure
  5709 | D:7      | Killed Menkaure
  5709 | D:7      | Gained mutation: You are mostly covered in sharp spines. [demonic ancestry]
  5709 | D:7      | Reached XP level 9. HP: 42/68 MP: 9/9
  5856 | D:7      | Noticed a brown ugly thing
  5874 | D:7      | Killed a brown ugly thing
  5874 | D:7      | Reached skill level 5 in Armour
  5961 | D:7      | Found a deep blue altar of Sif Muna.
  6220 | D:7      | Found a staircase to the Ecumenical Temple.
  6410 | D:8      | Reached skill level 7 in Long Blades
  6537 | D:8      | Found a glowing silver altar of Zin.
  6627 | D:8      | Noticed Maurice
  6632 | D:8      | Reached XP level 10. HP: 76/76 MP: 10/10
  6641 | D:8      | Killed Maurice
  6752 | D:8      | Reached ***** piety under Trog
  6770 | D:8      | Found a staircase to the Lair.
  6908 | D:8      | Received a gift from Trog
  7246 | D:9      | Found a snail-covered altar of Cheibriados.
  7449 | D:9      | Found a staircase to the Orcish Mines.
  7576 | D:9      | Found a stormy altar of Qazlal.
  7602 | D:9      | Noticed Pikel
  7615 | D:9      | Reached skill level 5 in Slings
  7623 | D:9      | Killed Pikel
  7947 | D:9      | Noticed Grum
  7960 | D:9      | Killed Grum
  8331 | D:10     | Entered Level 10 of the Dungeon
  8335 | D:10     | Noticed a two-headed ogre
  8335 | D:10     | Noticed a two-headed ogre
  8366 | D:9      | Killed a two-headed ogre
  8366 | D:9      | Gained mutation: You are completely covered in sharp spines. [demonic ancestry]
  8366 | D:9      | Reached XP level 11. HP: 42/84 MP: 11/11
  8621 | D:10     | Killed a two-headed ogre
  8621 | D:10     | Reached skill level 5 in Dodging
  8634 | D:10     | Noticed a two-headed ogre
  8647 | D:10     | Killed a two-headed ogre
  8647 | D:10     | Reached skill level 8 in Long Blades
  8918 | D:10     | Killed an unseen horror
  9073 | D:11     | Noticed a cyan ugly thing
  9079 | D:11     | Noticed baljet's ghost (journeyman HOFi)
  9080 | D:11     | HP: 4/85 [cyan ugly thing (14)]
  9080 | D:11     | Slain by a manticore

Skill      XL: |  1  2  3  4  5  6  7  8  9 10 11 |
---------------+----------------------------------+-----
Dodging        | 2 3 4 5 |  5.3
Long Blades    | 3 4 5 6 7 8 |  8.1
Slings         | 1 2 3 4 6 7 |  7.9
Armour         | 3 4 5 6 |  6.9
Fighting       | 4 5 6 7 |  7.7
Axes           | 3 4 |  4.8
Short Blades   | 2 4 |  4.0
Stealth        | |  0.5

Action                   |  1- 3 |  4- 6 |  7- 9 | 10-12 || total
-------------------------+-------+-------+-------+-------++-------
Melee: Falchion          |   119 |    58 |   170 |   102 ||   449
       Hand axe          |       |       |    36 |       ||    36
       Dagger            |       |       |   271 |       ||   271
 Fire: Hunting sling     |       |       |       |   247 ||   247
Invok: Berserk           |     1 |     2 |    11 |     1 ||    15
  Use: Scroll            |       |       |    13 |     7 ||    20
  Eat: Chunk             |     6 |     3 |    19 |     8 ||    36
       Ration            |       |       |     1 |       ||     1
Armor: Animal skin       |    19 |       |       |       ||    19
       Ring mail         |    11 |    12 |     9 |       ||    32
       Chain mail        |       |       |   177 |   103 ||   280
Dodge: Dodged            |    88 |    22 |   170 |    92 ||   372
Block: Other             |    12 |    12 |   122 |    77 ||   223
       Rpst.: Falchion   |    28 |     9 |    30 |     8 ||    75
